 Dungeon Sprint DCSS version 0.16-a0-2921-g3a24241 (webtiles) character file.

6137 BluebellGnoll the Unseen (level 10, -2/44 HPs)
             Began as a Spriggan Air Elementalist on Dec 2, 2014.
             Was the Champion of Vehumet.
             Slain by an orc warrior
             ... wielding a +0 short sword
              (14 damage)
             ... in the Dungeon (Sprint IX: "|||||||||||||||||||||||||||||").
             The game lasted 00:15:33 (1762 turns).

BluebellGnoll the Unseen (SpAE)                     Turns: 1762, Time: 00:15:34

Health: -2/44      AC:  7    Str:  7    XL:     10   Next: 59%
Magic:  3/34       EV: 31    Int: 20    God:    Vehumet [******]
Gold:   673        SH:  0    Dex: 17    Spells: 6 memorised, 19 levels left

rFire  . . .     SeeInvis +     n - +2 rapier (drain)
rCold  . . .     Clarity  .     x - +2 robe {rN+}
rNeg   + . .     SustAb   .     (shield restricted)
rPois  .         Gourm    .     (helmet restricted)
rElec  .         Spirit   .     o - +0 cloak
rCorr  .         Warding  .     (gloves unavailable)
rMut   .         NoTele   +     (boots unavailable)
MR     +....                    (no amulet)
Stlth  +++++++...               p - +3 ring of strength
                                j - +2 ring of protection

@: repel missiles, very quick, somewhat resistant to hostile enchantments,
extremely stealthy
A: unfitting armour, see invisible, herbivore 3, speed 3, slow metabolism 2
a: Renounce Religion


You were in the Dungeon.
You worshipped Vehumet.
Vehumet was exalted by your worship.
You were very full.

You visited 1 branch You collected 673 gold pieces.

Inventory:

Hand weapons
 n - a +2 rapier of draining (weapon)
 s - the +2 rapier "Grim" {holy, +Fly SInv}
   (You found it in the Dungeon)

   It has been blessed by the Shining One to cause great damage to the undead
   and demons.
   It enhances your eyesight.
   It lets you fly.
Missiles
 a - 7 silver tomahawks (quivered)
 y - 2 tomahawks of dispersal
Armour
 o - a +0 cloak (worn)
 x - a +2 robe of positive energy (worn)
Magical staves
 m - an uncursed staff of energy
Jewellery
 j - a +2 ring of protection (left hand)
 p - a +3 ring of strength (right hand)
Magical devices
 l - a wand of fire (5)
Scrolls
 h - 5 scrolls of remove curse
 i - 2 scrolls of blinking
 k - 2 scrolls of amnesia
 t - a scroll of identify
 u - a scroll of fog
 v - 4 scrolls of enchant armour
Potions
 d - 7 potions of curing
 e - 8 potions of heal wounds
 f - a potion of invisibility
 g - 4 potions of magic
 q - a potion of restore abilities
 r - a potion of agility
Books
 b - a book of Air

   Spells                             Type                      Level
   a - Shock                          Conjuration/Air              1
   b - Swiftness                      Charms/Air                   2
   c - Repel Missiles                 Charms/Air                   2
   d - Flight                         Charms/Air                   3
   e - Static Discharge               Conjuration/Air              3
   f - Lightning Bolt                 Conjuration/Air              5
Comestibles
 c - 40 fruits
 w - 11 bread rations


   Skills:
 + Level 13.2 Short Blades
 - Level 15.1 Dodging
 - Level 15.4 Stealth
 - Level 14.5 Spellcasting
 - Level 4.7 Conjurations
 - Level 9.2 Air Magic


You had 19 spell levels left.
You knew the following spells:

 Your Spells              Type           Power        Failure   Level  Hunger
a - Shock                 Conj/Air       ####         1%          1    None
b - Repel Missiles        Chrm/Air       ####..       1%          2    None
c - Inner Flame           Hex/Fire       ##......     4%          3    None
d - Lightning Bolt        Conj/Air       #####.....   2%          5    ###....
e - Force Lance           Conj/Tloc      ###.....     4%          4    None
f - Throw Icicle          Conj/Ice       ###.....     4%          4    None


Dungeon Overview and Level Annotations

Branches:
Dungeon (1/1)

Altars:
Cheibriados
Dithmenos
Elyvilon
Fedhas
Gozag
Kikubaaqudgha
Makhleb
Nemelex Xobeh
Okawaru
Qazlal
Ru
Sif Muna
Trog
Vehumet
Xom
Yredelemnul
Zin
The Shining One
Beogh
Jiyva
Lugonu


Innate Abilities, Weirdness & Mutations

You are tiny and cannot use many weapons and most armour.
You have supernaturally acute eyesight.
You are a herbivore.
You cover ground extremely quickly.
You need consume almost no food.


Message History

Press: ? - help, Shift-Dir - straight line, f/p - orc warrior
Aim: an orc warrior, wielding a short sword and wearing a plate armour (heavily wounded)
The zap misses the orc warrior.
Casting: Shock
Confirm with . or Enter, or press ? or * to list all spells.
Aiming: Shock
Press: ? - help, Shift-Dir - straight line, p - orc warrior The zap hits the orc warrior.
The orc warrior appears unharmed.
The orc warrior is heavily wounded.
The orc warrior barely misses you.
Casting: Shock
Confirm with . or Enter, or press ? or * to list all spells.
Aiming: Shock
Press: ? - help, Shift-Dir - straight line The zap hits the orc warrior.
The orc warrior is severely wounded.
The zap hits the orc warrior.
The orc warrior is severely wounded.
The orc warrior hits you with a short sword!
You die...

▓▓▓▓▓▓▓▓▓▓▓▓▓▓▓▓▓▓▓▓
)))))').)..))......▓
▓▓▓▓▓▓▓▓▓▓▓▓▓▓▓▓▓▓.▓
................@o.▓
▓▓▓▓▓▓▓▓▓▓▓▓▓▓▓▓▓▓▓▓
.....[.....'.......▓
▓▓▓▓▓▓▓▓▓▓▓▓▓▓▓▓▓▓.▓
...................▓
▓▓▓▓▓▓▓▓▓▓▓▓▓▓▓▓▓▓▓▓
_'....('((%..'.†..<▓
▓▓▓▓▓▓▓▓▓▓▓▓▓▓▓▓▓▓▓▓


You could see an orc warrior.

Vanquished Creatures
  Erica (D)
  An orc knight (D)
  An orc sorcerer (D)
  A kobold demonologist (D)
  2 spiny frogs (D)
  A blink frog (D)
  A basilisk (D)
  A wyvern (D)
  Grum (D)
  A warg (D)
  2 water moccasins (D)
  2 porcupines (D)
  4 hell hounds (D)
  A sky beast (D)
  5 wolves (D)
  10 orc warriors (D)
  A crocodile (D)
  2 giant frogs (D)
  A crimson imp (D)
  2 hounds (D)
  4 orc wizards (D)
  2 orc priests (D)
  2 iguanas (D)
  3 worker ants (D)
  An adder (D)
  2 river rats (D)
  An adder skeleton (D)
  A giant gecko (D)
  5 orcs (D)
  A bat skeleton (D)
  3 quokkas (D)
  A ball python zombie (D)
  A bat (D)
  2 goblins (D)
  3 kobolds (D)
  A rat (D)
74 creatures vanquished.

Notes
Turn   | Place    | Note
--------------------------------------------------------------
     0 | D        | BluebellGnoll, the Spriggan Air Elementalist, began the quest for the Orb.
     0 | D        | Reached XP level 1. HP: 9/9 MP: 4/4
     6 | D        | Reached skill level 4 in Spellcasting
   171 | D        | Noticed a sky beast
   171 | D        | Noticed a worker ant
   175 | D        | Reached skill level 5 in Spellcasting
   200 | D        | Killed a worker ant
   200 | D        | Reached skill level 7 in Spellcasting
   200 | D        | Reached XP level 2. HP: 13/13 MP: 2/14
   200 | D        | Reached XP level 3. HP: 16/16 MP: 2/18
   220 | D        | Killed a sky beast
   220 | D        | Reached skill level 11 in Spellcasting
   220 | D        | Reached XP level 4. HP: 5/21 MP: 4/24
   235 | D        | Found a glowing silver altar of Zin.
   235 | D        | Found a glowing golden altar of the Shining One.
   235 | D        | Found an ancient bone altar of Kikubaaqudgha.
   235 | D        | Found a basalt altar of Yredelemnul.
   235 | D        | Found a shimmering altar of Xom.
   235 | D        | Found a radiant altar of Vehumet.
   235 | D        | Found an iron altar of Okawaru.
   236 | D        | Found a burning altar of Makhleb.
   237 | D        | Found a deep blue altar of Sif Muna.
   238 | D        | Found a bloodstained altar of Trog.
   239 | D        | Found a sparkling altar of Nemelex Xobeh.
   240 | D        | Found a white marble altar of Elyvilon.
   241 | D        | Found a roughly hewn altar of Beogh.
   242 | D        | Found a viscous altar of Jiyva.
   243 | D        | Became a worshipper of Vehumet
   244 | D        | Found a corrupted altar of Lugonu.
   245 | D        | Found a blossoming altar of Fedhas.
   246 | D        | Found a snail-covered altar of Cheibriados.
   247 | D        | Found a shadowy altar of Dithmenos.
   248 | D        | Found a stormy altar of Qazlal.
   249 | D        | Found an opulent altar of Gozag.
   250 | D        | Found a sacrificial altar of Ru.
   470 | D        | Learned a level 2 spell: Repel Missiles
   480 | D        | Noticed a hound
   480 | D        | Noticed a crimson imp
   480 | D        | Noticed a worker ant
   480 | D        | Noticed a worker ant
   485 | D        | Reached XP level 5. HP: 24/24 MP: 21/25
   486 | D        | Killed a worker ant
   486 | D        | Acquired Vehumet's first power
   486 | D        | Offered knowledge of Flame Tongue by Vehumet.
   486 | D        | Reached skill level 12 in Spellcasting
   487 | D        | Killed a crimson imp
   487 | D        | Reached skill level 13 in Spellcasting
   489 | D        | Killed a worker ant
   503 | D        | Killed a hound
   503 | D        | Reached skill level 14 in Spellcasting
   525 | D        | Learned a level 5 spell: Lightning Bolt
   555 | D        | Noticed a water moccasin
   555 | D        | Noticed an iguana
   555 | D        | Noticed a kobold demonologist
   555 | D        | Noticed an orc warrior
   555 | D        | Noticed a wyvern
   560 | D        | Killed a wyvern
   560 | D        | Reached XP level 6. HP: 22/28 MP: 29/29
   560 | D        | Killed an orc warrior
   566 | D        | Noticed an orange demon
   570 | D        | Killed a kobold demonologist
   570 | D        | Acquired Vehumet's second power
   570 | D        | Reached XP level 7. HP: 17/32 MP: 31/31
   581 | D        | Killed an iguana
   595 | D        | Killed a water moccasin
   595 | D        | Reached skill level 5 in Dodging
   721 | D        | Got the +2 rapier "Grim" {holy, +Fly SInv}
   884 | D        | Noticed a giant frog
   884 | D        | Noticed a giant frog
   884 | D        | Noticed a hound
   884 | D        | Noticed an iguana
   884 | D        | Noticed a spiny frog
   886 | D        | Offered knowledge of Sandblast by Vehumet.
   888 | D        | Killed an iguana
   888 | D        | Acquired Vehumet's third power
   888 | D        | Killed a giant frog
   888 | D        | Reached XP level 8. HP: 36/36 MP: 23/32
   890 | D        | Killed a spiny frog
   890 | D        | Killed a giant frog
   893 | D        | Killed a hound
   939 | D        | Noticed a porcupine
   939 | D        | Noticed a crocodile
   939 | D        | Noticed a porcupine
   939 | D        | Noticed a blink frog
   939 | D        | Noticed a water moccasin
   940 | D        | Noticed a basilisk
   941 | D        | Killed a water moccasin
   941 | D        | Reached skill level 10 in Stealth
   942 | D        | Noticed a spiny frog
   945 | D        | Killed a crocodile
   945 | D        | Reached skill level 10 in Dodging
   945 | D        | Killed a basilisk
   946 | D        | Killed a porcupine
   947 | D        | Killed a porcupine
   947 | D        | Reached XP level 9. HP: 39/39 MP: 22/33
   947 | D        | Killed a spiny frog
   955 | D        | Killed a blink frog
  1163 | D        | Noticed a wolf
  1163 | D        | Noticed a wolf
  1163 | D        | Noticed a hell hound
  1163 | D        | Noticed a hell hound
  1163 | D        | Noticed a hell hound
  1164 | D        | Noticed a hell hound
  1165 | D        | Killed a wolf
  1165 | D        | Offered knowledge of Conjure Flame by Vehumet.
  1166 | D        | Killed a wolf
  1166 | D        | Killed a hell hound
  1166 | D        | Reached skill level 5 in Short Blades
  1167 | D        | Noticed a wolf
  1167 | D        | Killed a hell hound
  1167 | D        | Killed a hell hound
  1167 | D        | Killed a wolf
  1173 | D        | Noticed a warg
  1180 | D        | Killed a hell hound
  1192 | D        | Killed a warg
  1245 | D        | Noticed a wolf
  1254 | D        | Killed a wolf
  1363 | D        | Noticed Grum
  1364 | D        | Noticed a wolf
  1366 | D        | Noticed Erica
  1371 | D        | Killed Grum
  1371 | D        | Offered knowledge of Force Lance by Vehumet.
  1387 | D        | Killed a wolf
  1450 | D        | Learned a level 4 spell: Force Lance
  1459 | D        | Killed Erica
  1459 | D        | Offered knowledge of Inner Flame by Vehumet.
  1459 | D        | Reached skill level 15 in Dodging
  1459 | D        | Reached skill level 15 in Stealth
  1459 | D        | Reached XP level 10. HP: 44/44 MP: 34/34
  1477 | D        | Learned a level 3 spell: Inner Flame
  1526 | D        | Noticed an orc wizard
  1526 | D        | Noticed an orc priest
  1526 | D        | Noticed an orc warrior
  1528 | D        | Killed an orc warrior
  1528 | D        | Offered knowledge of Throw Icicle by Vehumet.
  1528 | D        | Killed an orc priest
  1529 | D        | Noticed an orc warrior
  1535 | D        | Noticed an orc warrior
  1537 | D        | Noticed an orc priest
  1537 | D        | Killed an orc wizard
  1539 | D        | Killed an orc priest
  1542 | D        | Noticed an orc wizard
  1551 | D        | Killed an orc warrior
  1558 | D        | Noticed an orc wizard
  1560 | D        | Killed an orc wizard
  1564 | D        | Killed an orc warrior
  1564 | D        | Reached skill level 10 in Short Blades
  1566 | D        | Killed an orc wizard
  1613 | D        | Learned a level 4 spell: Throw Icicle
  1702 | D        | Noticed an orc priest
  1702 | D        | Noticed an orc warrior
  1702 | D        | Noticed an orc warrior
  1702 | D        | Noticed an orc warrior
  1702 | D        | Noticed an orc wizard
  1702 | D        | Noticed an orc warrior
  1702 | D        | Noticed an orc knight
  1703 | D        | Noticed an orc sorcerer
  1707 | D        | Killed an orc wizard
  1708 | D        | Killed an orc warrior
  1708 | D        | Killed an orc warrior
  1708 | D        | Offered knowledge of Irradiate by Vehumet.
  1708 | D        | Killed an orc warrior
  1709 | D        | Noticed an orc warrior
  1709 | D        | Killed an orc sorcerer
  1710 | D        | Killed an orc warrior
  1711 | D        | Noticed an orc warrior
  1734 | D        | Killed an orc knight
  1734 | D        | Killed an orc warrior
  1737 | D        | Noticed an orc warrior
  1750 | D        | Killed an orc warrior
  1762 | D        | Slain by an orc warrior

Action                   |  1- 3 |  4- 6 |  7- 9 | 10-12 || total
-------------------------+-------+-------+-------+-------++-------
Melee: Dagger            |    19 |       |       |       ||    19
       Rapier            |       |    13 |    49 |    16 ||    78
 Cast: Shock             |     9 |    10 |    13 |    35 ||    67
       Repel Missiles    |       |     1 |       |       ||     1
       Lightning Bolt    |       |       |    16 |     7 ||    23
Evoke: Wand              |       |     2 |       |       ||     2
  Use: Potion            |     2 |       |       |       ||     2
 Stab: Sleeping          |     3 |       |     4 |       ||     7
  Eat: Bread ration      |       |       |     2 |       ||     2
